Map: Central Protocol

Players

mxluna - Winner!

  • Race: Protoss Protoss

juhyg

  • Race: Zerg Zerg
  • League: Bronze

VOD

Have the link to the VOD?

Description

Time

  • Played on: Nov. 17, 2015, 8:33 p.m.
  • Length: 10:02
Show
View Real Time Build Order
Export as new Build Order

mxluna Protoss - Winner!

Build Orders:  

Get SALT Encoding   

  12  0:03  Probe (Chrono Boost)  
  13  0:13  Probe (Chrono Boost)  
  14  0:24  Probe (Chrono Boost)  
  15  0:35  Pylon  
  15  0:41  Assimilator  
  15  0:53  Probe (Chrono Boost)  
  16  1:01  Gateway  
  17  1:04  Probe (Chrono Boost)  
  17  1:14  Probe (Chrono Boost)  
  18  1:25  Probe (Chrono Boost)  
  19  1:26  Pylon  
  19  1:35  Probe (Chrono Boost)  
  20  1:46  Probe (Chrono Boost)  
  21  1:52  Zealot  
  21  1:53  Cybernetics Core  
  23  1:58  Gateway  
  23  2:01  Gateway  
  23  2:03  Assimilator  
  23  2:05  Probe (Chrono Boost)  
  24  2:12  Pylon  
  24  2:23  Zealot  
  24  2:29  Probe (Chrono Boost)  
  27  2:39  Robotics Facility  
  27  2:40  Probe (Chrono Boost)  
  28  2:52  Zealot  
  28  2:53  Sentry  
  32  2:59  Warp Gate (Chrono Boost)  
  32  3:01  Probe  
  33  3:11  Zealot  
  35  3:14  Probe  
  36  3:21  Pylon  
  36  3:29  Observer  
  37  3:41  Robotics Bay  
  33  3:56  Zealot x2  
  37  4:16  Zealot  
  39  4:20  Mothership Core  
  41  4:34  Nexus  
  41  4:36  Pylon  
  41  4:41  Robotics Facility  
  38  5:04  Zealot x3  
  29  5:26  Gateway  
  29  5:30  Gateway  
  29  5:31  Zealot x3  
  35  5:44  Disruptor  
  38  5:56  Pylon  
  38  5:58  Pylon  
  38  6:15  Nexus  
  38  6:19  Pylon  
  38  6:22  Pylon  
  38  6:24  Warp Prism (Chrono Boost)  
  40  6:36  Sentry x2  
  40  6:37  Zealot, Sentry  
  48  6:40  Sentry  
  50  6:57  Assimilator  
  50  7:02  Assimilator  
  50  7:03  Zealot x2  
  42  7:13  Zealot  
  42  7:14  Zealot  
  36  7:19  Zealot  
  38  7:27  Sentry  
  38  7:28  Sentry  
  38  7:29  Probe  
  42  7:35  Sentry  
  45  7:40  Probe  
  46  8:07  Probe  
  46  8:08  Probe  
  46  8:10  Zealot  
  50  8:13  Sentry x2  
  50  8:18  Probe  
  55  8:20  Probe  
  56  8:32  Probe  
  57  8:36  Zealot  
  57  8:37  Probe, Zealot x2  
  64  8:44  Probe  
  65  9:00  Probe, Stalker x2  
  70  9:05  Probe  
  71  9:11  Probe  
  72  9:17  Zealot x2  
  76  9:37  Zealot  
  76  9:38  Zealot x3  
  84  10:01  Stalker  
Show
View Real Time Build Order
Export as new Build Order

juhyg Zerg 

Build Orders: Pool First, Muta Ling Bane 

Get SALT Encoding   

  12  0:20  Spawning Pool  
  11  0:27  Drone x2  
  13  0:37  Overlord  
  13  0:43  Drone  
  14  0:56  Drone, Extractor  
  14  1:03  Drone  
  15  1:12  Drone, Queen  
  18  1:22  Drone  
  19  1:38  Drone  
  20  1:47  Drone  
  20  1:54  Drone  
  22  2:00  Metabolic Boost  
  22  2:15  Roach Warren  
  21  2:16  Zergling x2  
  21  2:17  Overlord  
  21  2:22  Overlord  
  22  2:36  Zergling x6  
  25  2:46  Lair  
  25  2:47  Zergling x2  
  26  2:54  Extractor  
  26  3:01  Zergling x6  
  26  3:03  Zergling x2  
  30  3:37  Zergling x10  
  35  3:43  Baneling Nest  
  33  4:24  Zergling x2  
  33  4:25  Zergling x8  
  33  4:26  Overlord  
  33  4:27  Hatchery  
  33  4:28  Centrifical Hooks  
  34  5:07  Drone x4  
  33  5:29  Zergling x4  
  34  5:47  Drone x3  
  36  5:50  Queen  
  38  6:07  Zergling x6  
  38  6:08  Zergling x2  
  38  6:09  Zergling x2  
  43  6:12  Drone x2  
  43  6:17  Baneling x5  
  43  6:18  Baneling x4  
  45  6:19  Baneling x6  
  45  6:20  Baneling x5  
  45  6:22  Zergling x4  
  47  6:35  Zergling x4  
  49  6:47  Infestation Pit  
  31  7:30  Hive  
  31  7:41  Spire  
  30  7:53  Drone x2  
  30  7:54  Zergling x6  
  30  7:55  Zergling x10  
  40  9:00  Mutalisk x3  
  46  9:22  Zergling x12  
  52  9:29  Hatchery  
  51  9:32  Overlord x5  
Tags
 
Add a new tag
Caveats
  • Supply blocks, unpowered buildings, or Contaminate may cause inaccurate times.
  • Supply counts are checked every 10 seconds.